 Dungeon Crawl Stone Soup version 0.17-a0-1769-g54adf96 (webtiles) character file.

32 thrall606 the Skirmisher (level 3, -1/29 HPs)
             Began as a Demonspawn Abyssal Knight on Sept 7, 2015.
             Was a Follower of Lugonu.
             Slain by an iron imp (4 damage)
             ... summoned by Natasha
             ... on level 2 of the Dungeon.
             The game lasted 00:06:15 (1719 turns).

thrall606 the Skirmisher (DsAK)                     Turns: 1719, Time: 00:06:16

Health: -1/29      AC:  9    Str: 12    XL:     3   Next: 10%
Magic:  5/5        EV:  5    Int: 13    God:    Lugonu [*.....]
Gold:   86         SH:  0    Dex: 13    Spells: 0 memorised, 2 levels left

rFire  + . .     SeeInvis .     n - -1 spear (curse)
rCold  . . .     Clarity  .     j - +1 chain mail
rNeg   . . .     SustAt   .     (no shield)
rPois  .         Gourm    .     (no helmet)
rElec  .         Spirit   .     (no cloak)
rCorr  .         Warding  .     (no gloves)
rMut   .         Stasis   .     (no boots)
MR     .....                    p - amulet of inaccuracy (curse)
Stlth  ..........               (no ring)
                                e - ring of protection from fire

@: not resistant to hostile enchantments, extremely unstealthy
A: claws 1
a: Depart the Abyss, Renounce Religion


You were on level 2 of the Dungeon.
You worshipped Lugonu.
Lugonu was aware of your devotion.
You were not hungry.

You visited 1 branch of the dungeon, and saw 2 of its levels.
You visited the Abyss 1 time.

You collected 86 gold pieces.

Inventory:

Hand weapons
 a - a +2 falchion
 n - a cursed -1 spear (weapon)
 o - a +0 falchion
Armour
 b - a +0 leather armour
 j - a +1 chain mail (worn)
Jewellery
 e - a ring of protection from fire (left claw)
 g - an uncursed amulet of rage
 l - an uncursed amulet of stasis
 p - a cursed amulet of inaccuracy (around neck)
Scrolls
 h - 2 scrolls of identify
Potions
 f - a potion of curing
Comestibles
 c - a bread ration
 d - a beef jerky
 i - a meat ration
 k - 3 fruits


   Skills:
 + Level 3.6 Fighting
 + Level 2.0 Long Blades
 + Level 2.1 Armour
 + Level 0.8 Dodging
 + Level 3.1 Invocations


You had 2 spell levels left.
You didn't know any spells.

Dungeon Overview and Level Annotations

Branches:
Dungeon (2/15)

Altars:
The Shining One

Annotations:
D:2 Natasha


Innate Abilities, Weirdness & Mutations

You have sharp fingernails.


Message History

You miss Natasha.
Natasha is lightly wounded.
The iron imp grins evilly.
The iron imp hits you.
* * * LOW HITPOINT WARNING * * *
Natasha claws you but does no damage.
You closely miss Natasha.
Natasha is lightly wounded.
The iron imp disappears in a puff of smoke!
The iron imp hits you.
* * * LOW HITPOINT WARNING * * *
Natasha claws you but does no damage.
You hit Natasha but do no damage.
Natasha is lightly wounded.
Natasha barely misses you.
The iron imp hits you but does no damage.
You hit Natasha.
Natasha is moderately wounded.
Natasha claws you but does no damage. The iron imp hits you.
You die...

#.......# ##............
#.......# #............
#.......# #.....#......
#..#+#'#'## #.....+......
##.#......# #.....#...... #
#......# #.....#...... #......#
#.###.##.#### # #......####.#
#.##.# #.#.....@h....# #.##.#
#####.#.....5###### #.##.#
#.......)....'....# #.##.#
#.###.#......####.# #.##.#
#.###........# #.###.##.#
#.#.###'#...## #........####
#...........########.........
#<.................'.((......
#####.........#......##..(......


You could see an iron imp and Natasha.

Vanquished Creatures
  2 ball pythons (D:2)
  A giant cockroach (D:1)
  4 goblins (D:2)
  4 hobgoblins
  A quokka (D:2)
  3 bats (D:2)
  2 giant newts
  5 kobolds
  10 rats
32 creatures vanquished.

Notes
Turn   | Place    | Note
--------------------------------------------------------------
     0 | Abyss:1  | thrall606 the Demonspawn Abyssal Knight began the quest for the Orb.
     0 | Abyss:1  | Reached XP level 1. HP: 18/18 MP: 2/2
    55 | Abyss:1  | Noticed a large abomination
    57 | Abyss:1  | Found a corrupted altar of Lugonu.
    62 | D:1      | Escaped the Abyss
   132 | D:1      | Acquired Lugonu's first power
   461 | D:1      | Gained mutation: You have sharp fingernails. [demonic ancestry]
   461 | D:1      | Reached XP level 2. HP: 16/24 MP: 4/4
   467 | D:1      | Found a glowing golden altar of the Shining One.
  1441 | D:2      | Reached XP level 3. HP: 25/29 MP: 5/5
  1706 | D:2      | Noticed Natasha
  1719 | D:2      | Slain by an iron imp

Vault maps used:
D:1:      minmay_arrival_stone_box, tso_metal_star
D:2:      uniq_natasha

Action                   || total
-------------------------++-------
Melee: Falchion          ||    59
       Spear             ||    97
Invok: Depart the Abyss  ||     1
  Use: Scroll            ||    10
       Potion            ||     1
  Eat: Chunk             ||     3
